 Dungeon Crawl Stone Soup version 0.31-a0-233-g139696dc86 (webtiles) character file.

Game seed: 465625663616645101

529 qw the Shooter (level 7, -1/43 HPs)
             Began as a Gargoyle Hexslinger on July 9, 2023.
             Slain by a hound (4 damage)
             ... on level 5 of the Dungeon.
             The game lasted 00:01:35 (3485 turns).

qw the Shooter (Gargoyle Hexslinger)                Turns: 3485, Time: 00:01:35

Health: -1/43      AC: 13    Str: 11    XL:     7   Next: 23%
Magic:  8/8        EV: 10    Int: 14    God:
Gold:   271        SH:  0    Dex: 14    Spells: 7/8 levels left

rFire   + . .        Y - +1 sling
rCold   . . .        (no shield)
rNeg    + . .        e - +2 ring mail {rF+}
rPois   inf          (no helmet)
rElec   +            (no cloak)
rCorr   .            (no gloves)
SInv    .            g - +0 pair of boots
Will    .....        (no amulet)
Stlth   +            (no ring)
HPRegen 0.27/turn    (no ring)
MPRegen 0.11/turn

%: no passive effects
@: no status effects
A: sickness immunity, AC +4, negative energy resistance 1, electricity
resistance, torment resistance 1, petrification resistance
a: no special abilities


You were on level 5 of the Dungeon.
You visited 1 branch of the dungeon, and saw 5 of its levels.

You collected 271 gold pieces.


Innate Abilities, Weirdness & Mutations

You are immune to sickness and miasma.
Your stone body is resilient. (AC +4)
You are immune to poison.
You resist negative energy. (rN+)
You are resistant to electric shocks. (rElec)
You are resistant to unholy torment.
You are immune to petrification.


   Skills:
 - Level 4.0 Fighting
 + Level 6.6 Ranged Weapons
 - Level 1.0 Armour
 - Level 1.5 Dodging
 - Level 1.0 Spellcasting
 - Level 2.6 Hexes


You had 7 spell levels left.
You knew the following spells:

 Your Spells              Type           Power      Damage    Failure   Level
a - Slow                  Hex            32%        N/A       21%         1

Your spell library contained the following spells:

 Spells                   Type           Power      Damage    Failure   Level
 Inner Flame              Hex/Fire       4%         N/A       71%         3
 Portal Projectile        Hex/Tloc       8%         N/A       71%         3
 Cause Fear               Hex            4%         N/A       90%         4

Inventory:

Hand Weapons
 Y - a +1 sling (weapon)
Armour
 e - a +2 ring mail of fire resistance (worn)
 g - a +0 pair of boots (worn)
Scrolls
 a - a scroll of identify
 f - a scroll of brand weapon {unknown}
Potions
 b - a potion of degeneration {unknown}
 c - a potion of brilliance {unknown}
 d - a potion of lignification {unknown}

Dungeon Overview and Level Annotations

Branches:
Dungeon (5/15)
 Temple: D:4-7

Altars:
Cheibriados
Gozag
Kikubaaqudgha
Makhleb

Shops:
D:1 :


Message History

You shoot a sling bullet.
The sling bullet barely misses the hound.
The hound bites you but does no damage. Something hits you but does no damage.
The hound closely misses you. Something hits you but does no damage.
You shoot a sling bullet.
The sling bullet barely misses the hound.
The hound bites you but does no damage.
You hear some strange, mumbled words.
A puff of flame appears from out of thin air!
The puff of flame hits you. You resist. The hound barely misses you.
You shoot a sling bullet. The sling bullet hits the hound.
The hound is severely wounded.
The hound closely misses you. Something hits you. The hound barely misses you.
Something hits you but does no damage.
You shoot a sling bullet.
The sling bullet barely misses the hound.
The hound closely misses you. The worm bites you!
Something hits you but does no damage.
You shoot a sling bullet. The sling bullet misses the hound.
The hound bites you but does no damage. Something hits you.
The hound misses you. The worm closely misses you. Something hits you.
You shoot a sling bullet.
The sling bullet closely misses the hound.
The hound closely misses you. Something hits you.
The hound bites you but does no damage. Something hits you but does no damage.
The worm bites you but does no damage.
You shoot a sling bullet.
The sling bullet hits the hound but does no damage.
The hound is severely wounded.
The hound bites you.
Something hits you but does no damage. x2
The hound barely misses you.
You shoot a sling bullet.
The sling bullet hits the hound but does no damage.
The hound is severely wounded.
The hound misses you. Something hits you. The worm barely misses you.
Something hits you. The hound closely misses you.
You shoot a sling bullet.
The sling bullet closely misses the hound.
The hound bites you.
You die...

.# .. .# .# #. #.# #.
#.### #. ##w..# #. #
##@{o# .# #.
#.######.#h.# .#
#.####.............#
..#
...<.....######.#..##..
#...###### ##...#.#
#...# ##...## ##.##
########.(..# #.#
#...........# #.#
#.########..#


You could see a worm, a hound and an orc.

Vanquished Creatures
  4 scorpions (D:4)
  An orc priest (D:5)
  An orc wizard (D:5)
  A sleepcap (D:4)
  Natasha (twice) (D:4)
  A mummy (D:3)
  9 adders
  A worm (D:2)
  2 dart slugs
  6 ball pythons
  8 bats
  9 endoplasms
  4 giant cockroaches
  2 goblins
  7 hobgoblins
  2 jackals (D:2)
  4 quokkas
  A frilled lizard (D:1)
  5 kobolds
  6 rats
76 creatures vanquished.

Notes
Turn   | Place    | Note
-------+----------+-------------------------------------------
     0 | D:1      | qw the Gargoyle Hexslinger began the quest for the Orb.
     0 | D:1      | Reached XP level 1. HP: 12/12 MP: 2/2
     0 | D:1      | 0 ||| qw: Version: 0.3-a-51-g015441d
     0 | D:1      | 0 ||| qw: Game counter: 3874
     0 | D:1      | 0 ||| qw: Melee chars always use a shield: true
     0 | D:1      | 0 ||| qw: God list: Okawaru
     0 | D:1      | 0 ||| qw: Allow faded altars: false
     0 | D:1      | 0 ||| qw: Do Orc after clearing Dungeon:15 true
     0 | D:1      | 0 ||| qw: Do second Lair branch before Depths: true
     0 | D:1      | 0 ||| qw: Lair rune preference: random
     0 | D:1      | 0 ||| qw: Goals: Normal
     0 | D:1      | 0 ||| PLANNING D:1-11
   134 | D:1      | Reached XP level 2. HP: 9/16 MP: 3/3
   292 | D:1      | Reached skill level 3 in Ranged Weapons
   545 | D:1      | Found Teloc's Book Shop.
   727 | D:1      | 727 ||| READING scroll labelled JIOK YBAUNGAOCW.
   728 | D:1      | 728 ||| READING scroll labelled UVEKUL XEAPE.
   729 | D:1      | 729 ||| READING scroll labelled SEYSUT LIPSINERA.
   730 | D:1      | 730 ||| READING scroll labelled ZOPLEPT YDOUR.
   731 | D:1      | 731 ||| DROPPING scroll of poison.
   778 | D:2      | Found a burning altar of Makhleb.
   790 | D:2      | Reached XP level 3. HP: 21/21 MP: 4/4
  1148 | D:2      | Reached XP level 4. HP: 9/26 MP: 5/5
  1653 | D:2      | Reached skill level 4 in Ranged Weapons
  1660 | D:2      | 1660 ||| UPGRADING to +0 ring mail.
  1670 | D:2      | 1670 ||| DROPPING +0 robe.
  1671 | D:2      | 1671 ||| READING scroll labelled NITAYX DOD FOD.
  1772 | D:2      | 1772 ||| READING scroll labelled DIRCHI HOIBB.
  1887 | D:3      | Found a snail-covered altar of Cheibriados.
  1899 | D:3      | Reached skill level 1 in Armour
  2006 | D:3      | Found an opulent altar of Gozag.
  2164 | D:3      | Found a burning altar of Makhleb.
  2258 | D:3      | Reached XP level 5. HP: 30/30 MP: 6/6
  2606 | D:3      | 2606 ||| UPGRADING to +2 ring mail of fire resistance.
  2616 | D:3      | 2616 ||| DROPPING +0 ring mail.
  2752 | D:4      | Reached skill level 5 in Ranged Weapons
  2791 | D:4      | Reached skill level 3 in Fighting
  2868 | D:4      | Reached XP level 6. HP: 20/37 MP: 7/7
  3066 | D:4      | Noticed Natasha
  3071 | D:4      | Killed Natasha
  3072 | D:4      | Reached skill level 6 in Ranged Weapons
  3072 | D:4      | Found an ancient bone altar of Kikubaaqudgha.
  3138 | D:4      | Reached XP level 7. HP: 39/43 MP: 8/8
  3257 | D:4      | Noticed Natasha
  3275 | D:4      | Killed Natasha
  3366 | D:4      | 3366 ||| UPGRADING to +0 pair of boots.
  3371 | D:4      | 3371 ||| READING scroll labelled NUYRON WUT.
  3372 | D:4      | 3372 ||| READING scroll labelled GYEKUL MADWEF.
  3386 | D:5      | Entered Level 5 of the Dungeon
  3461 | D:5      | 3461 ||| Stepping ~*~*~tactically~*~*~ (outnumbered).
  3463 | D:5      | 3463 ||| Stepping ~*~*~tactically~*~*~ (outnumbered).
  3481 | D:5      | HP: 9/43 [something (3)]
  3484 | D:5      | HP: 2/43 [something (3)]
  3485 | D:5      | Slain by a hound

Levels and vault maps discovered:
D:1:      dpeg_arrival_long_road, layout_basic, serial_shops, shop
D:2:      layout_basic, basic_altar, kennysheep_boxes
D:3:      layout_loops_ring, mainiacjoe_overflow_concentric_impassable,
          slow_altar_1, grunt_gozag_breadcrumbs, saegor_snake_ambush
D:4:      layout_basic, kiku_gazebo_pond_becter, uniq_natasha
D:5:      layout_loops_ring, minitemple

Skill      XL: |  1  2  3  4  5  6 |
---------------+-------------------+-----
Ranged Weapons | 3 4 5 6 |  6.6
Fighting       | 2 3 4 |  4.0
Armour         | 1 |  1.0
Dodging        | |  1.5
Spellcasting   | |  1.0
Hexes          | |  2.6

Action                     |  1- 3 |  4- 6 |  7- 9 || total
---------------------------+-------+-------+-------++-------
   Fire: Sling             |   159 |   233 |    43 ||   435
    Use: Scroll            |     4 |     2 |     2 ||     8
 Armour: Robe              |    26 |     2 |       ||    28
         Ring mail         |       |   109 |    39 ||   148
  Dodge: Dodged            |    66 |    78 |    28 ||   172

Table legend:
 A = Non-vault XP
 B = Vault XP
 C = Vault XP percentage of total XP
 D = Non-vault monster count
 E = Vault monster count
 F = Vault count percentage of total count
                 A         B        C        D         E       F
            +---------+---------+-------+---------+---------+-------
      Total |     686 |      70 |   9.3 |      71 |       5 |   6.6
            +---------+---------+-------+---------+---------+-------
        D:1 |      33 |       0 |   0.0 |      18 |       0 |   0.0
        D:2 |      61 |       0 |   0.0 |      21 |       0 |   0.0
        D:3 |      44 |      35 |  44.3 |      12 |       4 |  25.0
        D:4 |     457 |      35 |   7.1 |      17 |       1 |   5.6
        D:5 |      91 |       0 |   0.0 |       3 |       0 |   0.0
            +---------+---------+-------+---------+---------+-------
